Map: [ESL] Goldenaura

Players

trigger

  • Race: Protoss Protoss
  • Spawn Location: 12:00

ShaDoWn - Winner!

  • Race: Protoss Protoss
  • Spawn Location: 5:00

Event: ESL SC2 Masters 2023 Winter (Finals)

VOD

Have the link to the VOD?

Description

Time

  • Played on: Dec. 15, 2023, 5:06 p.m.
  • Length: 13:39

All games in this series

Show
View Real Time Build Order
Export as new Build Order

trigger Protoss 

Build Orders: Oracle Opening 

Get SALT Encoding   

  12  0:00  Probe  
  13  0:12  Probe  
  14  0:17  Pylon  
  14  0:24  Probe (Chrono Boost)  
  16  0:36  Probe (Chrono Boost)  
  16  0:37  Gateway  
  16  0:43  Probe (Chrono Boost)  
  16  0:46  Assimilator  
  17  0:50  Probe  
  17  0:54  Assimilator  
  18  1:02  Probe (Chrono Boost)  
  19  1:08  Gateway  
  20  1:12  Probe (Chrono Boost)  
  20  1:17  Probe (Chrono Boost)  
  20  1:25  Cybernetics Core  
  21  1:29  Probe  
  22  1:37  Pylon  
  22  1:41  Probe  
  23  2:01  Stargate  
  23  2:02  Adept  
  23  2:04  Adept  
  23  2:07  Warp Gate  
  27  2:13  Pylon  
  27  2:16  Probe  
  28  2:29  Probe  
  29  2:35  Stalker  
  33  2:43  Oracle (Chrono Boost)  
  34  2:52  Stalker  
  36  3:01  Probe  
  37  3:08  Pylon  
  35  3:24  Probe  
  36  3:31  Nexus  
  36  3:36  Pylon  
  36  3:39  Twilight Council  
  36  3:42  Probe  
  37  3:55  Stalker  
  37  3:57  Stalker  
  37  4:00  Probe (Chrono Boost)  
  42  4:09  Probe (Chrono Boost)  
  43  4:12  Blink (Chrono Boost)  
  43  4:14  Probe (Chrono Boost)  
  44  4:26  Probe  
  43  4:38  Probe  
  43  4:41  Stalker  
  43  4:45  Stalker  
  43  4:50  Probe  
  44  4:53  Probe  
  44  5:03  Probe  
  44  5:05  Probe  
  46  5:08  Stalker  
  46  5:13  Stalker  
  50  5:17  Probe  
  50  5:19  Probe  
  52  5:29  Probe  
  52  5:31  Stalker  
  56  5:36  Stalker  
  56  5:39  Gateway  
  56  5:41  Probe  
  56  5:42  Assimilator  
  59  5:45  Dark Shrine  
  59  5:47  Probe  
  59  5:55  Probe  
  60  5:59  Probe  
  60  6:02  Stalker x2  
  65  6:09  Probe (Chrono Boost)  
  66  6:11  Probe (Chrono Boost)  
  67  6:23  Probe (Chrono Boost), Pylon  
  68  6:27  Nexus  
  68  6:36  Pylon  
  68  6:40  Stalker  
  68  6:42  Probe x2  
  72  6:53  Forge  
  72  6:54  Probe  
  73  6:55  Probe  
  73  6:57  Dark Templar x2  
  78  7:06  Probe  
  78  7:07  Probe  
  80  7:12  Stalker  
  80  7:14  Robotics Facility  
  80  7:18  Probe  
  80  7:19  Probe  
  82  7:31  Probe x2 (Chrono Boost)  
  80  7:37  Protoss Ground Weapons Level 1 (Chrono Boost), Stalker x3  
  80  7:40  Probe (Chrono Boost)  
  80  7:41  Charge  
  80  7:43  Probe (Chrono Boost)  
  87  7:48  Probe (Chrono Boost)  
  87  7:49  Probe (Chrono Boost)  
  87  7:50  Probe (Chrono Boost)  
  89  7:54  Probe x2 (Chrono Boost)  
  89  7:55  Shield Battery  
  89  7:57  Probe  
  91  7:59  Warp Prism (Chrono Boost)  
  91  8:00  Gateway  
  91  8:01  Gateway  
  92  8:06  Probe x2  
  92  8:10  Assimilator, Stalker  
  92  8:11  Pylon  
  96  8:13  Stalker  
  96  8:19  Gateway  
  98  8:21  Stalker  
  98  8:24  Probe  
  101  8:29  Probe x2  
  101  8:32  Pylon  
  103  8:39  Shield Battery  
  103  8:45  Nexus  
  103  8:46  Pylon  
  102  8:50  Pylon  
  102  8:52  Gateway, Stalker x2  
  101  8:58  Stalker x2  
  101  9:00  Probe  
  101  9:02  Stalker  
  108  9:05  Probe  
  104  9:10  Assimilator  
  104  9:12  Gateway  
  104  9:16  Stalker  
  106  9:17  Stalker  
  106  9:22  Stalker x2  
  108  9:32  Protoss Ground Weapons Level 2 (Chrono Boost), Stalker  
  106  9:40  Shield Battery, Stalker x2  
  106  9:45  Pylon  
  108  9:46  Shield Battery  
  108  9:55  Shield Battery  
  108  9:56  Pylon  
  108  10:06  Observer (Chrono Boost)  
  109  10:07  Stalker x4  
  109  10:12  Assimilator  
  117  10:14  Assimilator  
  117  10:16  Observer  
  117  10:17  Dark Templar  
  117  10:18  Pylon  
  117  10:19  Pylon, Stalker  
  119  10:31  Stalker x3  
  119  10:35  Pylon  
  123  10:43  Stalker x2  
  123  10:48  Stalker  
  127  10:59  Nexus  
  127  11:01  Stalker x4  
  135  11:07  Pylon  
  135  11:17  Stalker x3  
  139  11:32  Shield Battery  
  139  11:33  Shield Battery  
  139  11:35  Shield Battery, Pylon  
  139  11:39  Dark Templar  
  141  11:41  Dark Templar x2  
  141  11:44  Zealot x4  
  151  11:50  Observer  
  151  11:52  Archon  
  121  12:03  Zealot  
  121  12:04  Zealot x4  
  129  12:15  Dark Templar x2  
  131  12:21  Dark Templar  
  131  12:25  Shield Battery  
  131  12:26  Shield Battery  
  131  12:28  Probe x2, Pylon  
  131  12:29  Zealot x5  
  141  12:55  Stalker  
  141  12:56  Stalker x7  
  129  13:10  Probe  
  118  13:19  Zealot x4  
  118  13:20  Zealot x4  
  118  13:21  Pylon  
Show
View Real Time Build Order
Export as new Build Order

ShaDoWn Protoss - Winner!

Build Orders: Oracle Opening, Blink Stalkers 

Get SALT Encoding   

  12  0:00  Probe  
  13  0:12  Probe  
  14  0:17  Pylon  
  14  0:24  Probe  
  15  0:35  Gateway  
  15  0:37  Probe (Chrono Boost)  
  16  0:46  Probe (Chrono Boost)  
  16  0:47  Assimilator  
  17  0:51  Probe (Chrono Boost)  
  17  0:57  Assimilator  
  18  1:03  Probe (Chrono Boost)  
  19  1:09  Gateway  
  19  1:14  Probe (Chrono Boost)  
  20  1:19  Probe (Chrono Boost)  
  20  1:25  Cybernetics Core  
  21  1:31  Probe  
  22  1:36  Pylon  
  22  1:43  Probe  
  23  1:55  Probe  
  24  2:01  Warp Gate, Stalker  
  24  2:04  Pylon  
  24  2:07  Sentry, Probe  
  29  2:19  Probe  
  30  2:25  Oracle  
  30  2:30  Stalker  
  33  2:43  Nexus  
  32  2:46  Probe  
  33  2:56  Stalker  
  35  2:59  Probe  
  33  3:13  Probe (Chrono Boost)  
  32  3:23  Twilight Council  
  32  3:25  Probe (Chrono Boost)  
  33  3:31  Probe (Chrono Boost)  
  34  3:39  Probe (Chrono Boost)  
  35  3:51  Probe (Chrono Boost), Adept  
  35  3:55  Adept  
  40  3:57  Blink (Chrono Boost), Pylon  
  40  3:59  Probe (Chrono Boost)  
  40  4:00  Probe (Chrono Boost)  
  42  4:08  Probe (Chrono Boost)  
  44  4:11  Probe (Chrono Boost)  
  45  4:17  Stalker  
  45  4:18  Stalker  
  45  4:22  Probe  
  49  4:25  Probe  
  50  4:34  Probe  
  50  4:37  Probe  
  47  4:44  Stalker x2  
  47  4:48  Probe  
  47  4:50  Probe  
  45  5:01  Robotics Facility  
  45  5:02  Probe (Chrono Boost)  
  45  5:04  Probe (Chrono Boost)  
  47  5:11  Probe (Chrono Boost)  
  49  5:14  Probe (Chrono Boost)  
  49  5:16  Probe (Chrono Boost)  
  50  5:21  Nexus  
  50  5:27  Stalker  
  52  5:28  Probe  
  52  5:31  Stalker  
  52  5:33  Probe  
  56  5:39  Pylon  
  56  5:42  Probe  
  57  5:47  Probe  
  57  5:48  Observer (Chrono Boost), Assimilator  
  59  5:50  Stalker  
  59  5:55  Probe  
  62  5:57  Stalker  
  62  6:00  Shield Battery, Probe  
  62  6:01  Observer (Chrono Boost)  
  66  6:08  Forge  
  66  6:10  Probe  
  67  6:13  Gateway  
  67  6:14  Stalker  
  67  6:15  Probe  
  70  6:25  Pylon  
  70  6:30  Gateway, Probe  
  70  6:33  Probe  
  70  6:34  Stalker  
  70  6:35  Probe  
  70  6:36  Immortal (Chrono Boost)  
  78  6:41  Observer  
  78  6:42  Stalker  
  78  6:45  Probe (Chrono Boost)  
  82  6:47  Probe x2 (Chrono Boost)  
  82  6:48  Protoss Ground Weapons Level 1 (Chrono Boost)  
  86  7:01  Probe (Chrono Boost)  
  86  7:02  Observer, Probe (Chrono Boost)  
  86  7:03  Stalker, Probe (Chrono Boost)  
  86  7:06  Gateway, Probe (Chrono Boost)  
  86  7:08  Probe (Chrono Boost), Stalker  
  92  7:10  Probe  
  93  7:17  Pylon  
  93  7:20  Gateway x2  
  93  7:35  Probe  
  92  7:38  Warp Prism (Chrono Boost), Stalker  
  92  7:41  Probe  
  92  7:44  Gateway  
  95  7:48  Stalker x3  
  95  7:50  Photon Cannon  
  98  7:55  Probe  
  99  8:09  Stalker  
  101  8:13  Pylon x2  
  101  8:16  Pylon  
  101  8:19  Pylon  
  101  8:26  Nexus  
  99  8:34  Stalker x4  
  99  8:35  Stalker  
  99  8:39  Shield Battery, Probe x2  
  111  8:50  Probe  
  111  8:52  Stalker x3  
  111  8:53  Probe  
  111  8:55  Probe  
  120  9:02  Stalker x2  
  123  9:05  Zealot x2  
  123  9:19  Zealot x3, Stalker  
  123  9:22  Probe  
  131  9:29  Stalker  
  133  9:34  Probe x2  
  133  9:35  Protoss Ground Weapons Level 2 (Chrono Boost)  
  133  9:37  Zealot  
  133  9:38  Probe  
  133  9:40  Pylon  
  133  9:41  Pylon  
  133  9:42  Photon Cannon, Probe  
  135  9:46  Observer, Probe x2  
  135  9:50  Probe  
  135  9:52  Charge (Chrono Boost)  
  138  9:54  Probe  
  138  9:59  Probe x2  
  141  10:00  Assimilator  
  141  10:02  Probe  
  141  10:03  Photon Cannon  
  141  10:04  Stalker x2  
  141  10:05  Zealot x3  
  152  10:09  Observer, Probe  
  152  10:10  Assimilator  
  152  10:13  Probe  
  154  10:20  Observer  
  154  10:21  Probe  
  155  10:22  Pylon  
  155  10:23  Stalker x3  
  155  10:28  Zealot  
  163  10:34  Pylon  
  163  10:35  Pylon  
  163  10:37  Assimilator, Pylon  
  159  10:46  Stalker x5  
  159  10:47  Zealot  
  159  10:48  Immortal (Chrono Boost), Probe  
  162  10:52  Probe  
  163  11:00  Stalker  
  163  11:01  Stalker  
  167  11:04  Observer  
  167  11:10  Forge  
  165  11:15  Stalker x5  
  175  11:22  Stalker  
  175  11:23  Photon Cannon  
  177  11:33  Zealot  
  179  11:42  Pylon  
  179  11:46  Zealot x3, Stalker x3  
  179  11:47  Zealot  
  193  11:48  Probe  
  180  11:55  Warp Prism (Chrono Boost)  
  166  12:10  Stalker x7  
  178  12:22  Stalker  
  176  12:35  Stalker x5  
  176  12:36  Stalker x2  
  190  12:37  Probe  
  190  12:42  Pylon  
  191  12:46  Observer  
  191  12:49  Observer (Chrono Boost)  
  190  12:53  Zealot  
  181  13:01  Stalker  
  181  13:02  Zealot x4, Stalker  
  179  13:15  Stalker x2  
  177  13:23  Stalker x4  
  163  13:34  Stalker x2  
Tags
 
Add a new tag
Caveats
  • Supply blocks, unpowered buildings, or Contaminate may cause inaccurate times.
  • Supply counts are checked every 10 seconds.